AoeStats
← dollabillzz_billyGOAT

Arena

510650633Analyzed
2v2 RM · 2d ago on Oct 2, 2026· 129m 31s· 4 players
Game mode
Random Map
Map size
Medium (4 player)
Population
200
Speed
Normal
Resources
Standard
Victory
Conquest
Starting age
Dark Age
Ending age
Imperial Age
RankedLock teamsTeams togetherTeam positionsShared explorationLock speedFull tech treeHidden civsTurbo modeCheats
Victory
Defeat
🇺🇸 Britons · United States
839
+14
🇺🇸 Bohemians · United States
767
+17
🇬🇧 Vikings · United Kingdom
850
-18
🇨🇳 Teutons · China
742
-26
dollabillzz_billyGOAT
0:29 Loom
11:19 Feudal Age
13:16 Wheelbarrow
12:23 Horse Collar
12:31 Double-Bit Axe
20:55 Castle Age
19:24 Town Watch
22:39 Hand Cart
22:26 Heavy Plow
22:40 Bow Saw
24:56 Coinage
33:56 Chemistry
37:22 Imperial Age
35:00 Town Patrol
34:59 Murder Holes
35:16 Fortified Wall
38:51 Conscription
41:11 Two-Man Saw
40:52 Ballistics
40:20 Arrowslits
40:27 Fletching
42:47 Masonry
42:43 Siege Engineers
46:21 Wagenburg Tactics
46:51 Houfnice
48:24 Onager
51:39 Pikeman
52:20 Squires
53:08 Halberdier
62:26 Caravan
72:58 Scale Mail Armor
73:03 Scale Barding Armor
72:54 Bodkin Arrow
73:11 Forging
73:34 Architecture
74:16 Husbandry
73:37 Light Cavalry
74:18 Onager
96:35 Elite Hussite Wagon
104:24 Chain Mail Armor
104:44 Iron Casting
104:10 Bracer
108:28 Chain Barding Armor
108:39 Plate Mail Armor
109:09 Blast Furnace
111:41 Arson
jebatey94
10:45 Feudal Age
16:08 Castle Age
15:53 Stone Mining
16:59 Loom
17:52 Wheelbarrow
17:56 Fletching
22:58 Pikeman
27:46 Bodkin Arrow
36:59 Murder Holes
38:13 Ballistics
41:16 Double-Bit Axe
47:36 Hand Cart
53:28 Elite Skirmisher
59:28 Padded Archer Armor
65:41 Imperial Age
67:37 Chemistry
68:02 Bracer
70:12 Leather Archer Armor
71:49 Ring Archer Armor
74:04 Town Watch
74:24 Caravan
74:55 Coinage
77:08 Yeomen
77:46 Town Patrol
79:44 Banking
80:08 Guilds
82:03 Elite Longbowman
83:53 Horse Collar
84:26 Bow Saw
98:23 Two-Man Saw
105:08 Halberdier
105:33 Gambesons
105:49 Squires
105:35 Arson
109:37 Forging
109:27 Scale Mail Armor
111:42 Iron Casting
111:22 Chain Mail Armor
116:20 Blast Furnace
115:50 Plate Mail Armor
Greenland Viking
6:20 Loom
9:30 Feudal Age
16:30 Castle Age
29:15 Fletching
36:30 Arson
44:15 Imperial Age
43:15 Forging
43:06 Scale Mail Armor
52:56 Capped Ram
61:59 Chain Mail Armor
63:32 Plate Mail Armor
65:00 Iron Casting
64:21 Double-Bit Axe
64:19 Horse Collar
66:21 Scale Barding Armor
66:29 Cavalier
67:50 Chain Barding Armor
68:46 Light Cavalry
77:37 Conscription
80:15 Blast Furnace
86:44 Elite Berserk
94:36 Chieftains
2284869820aaa
2:31 Loom
11:02 Feudal Age
16:15 Castle Age
15:34 Double-Bit Axe
17:57 Wheelbarrow
22:09 Horse Collar
25:03 Heavy Plow
35:30 Imperial Age
33:21 Scale Barding Armor
33:16 Scale Mail Armor
33:27 Forging
33:34 Bow Saw
36:15 Iron Casting
35:55 Chain Mail Armor
36:00 Chain Barding Armor
36:42 Hand Cart
37:35 Conscription
37:31 Elite Teutonic Knight
37:57 Onager
42:08 Cavalier
42:44 Cavalier
44:05 Bloodlines
53:51 Paladin
56:42 Ironclad
56:43 Capped Ram
77:53 Caravan
79:13 Chemistry
78:34 Ballistics
79:47 Siege Engineers
79:47 Fletching
81:00 Blast Furnace
80:31 Plate Mail Armor
80:36 Plate Barding Armor
118:33 Heavy Scorpion
Connection lost

Rejoining the realm…

Still unreachable

The connection could not be restored.

Session expired

The server has moved on; the page needs a fresh start.